 Dungeon Crawl Stone Soup version 0.26-a0-651-gb41185065b (webtiles) character file.

Game seed: 2626863203112555793

200 Ozzies the Skirmisher (level 5, -7/37 HPs)
             Began as a Gargoyle Fighter on Oct 3, 2020.
             Killed by divine providence
             ... invoked by an orc priest
              (10 damage)
             ... on level 4 of the Dungeon.
             The game lasted 00:03:10 (2309 turns).

Ozzies the Skirmisher (Gargoyle Fighter)            Turns: 2309, Time: 00:03:11

Health: -7/37      AC: 17    Str: 21    XL:     5   Next: 78%
Magic:  5/5        EV:  3    Int:  8    God:
Gold:   194        SH:  9    Dex:  9    Spells: 4/4 levels left

rFire    + . .     SeeInvis .   a - +0 flail
rCold    . . .     Faith    .   c - +0 kite shield
rNeg     + . .     Spirit   .   f - +1 plate armour {rF+}
rPois    ∞         Reflect  .   (no helmet)
rElec    +         Harm     .   (no cloak)
rCorr    .         Rampage  .   (no gloves)
MR       .....                  e - +0 pair of boots (curse)
Stlth    ..........             (no amulet)
HPRegen  0.12/turn              (no ring)
MPRegen  0.09/turn              (no ring)

@: no status effects
A: negative energy resistance 1, electricity resistance, unbreathing,
petrification resistance, rot immunity, AC +4
a: no special abilities


You were on level 4 of the Dungeon.
You visited 1 branch of the dungeon, and saw 4 of its levels.

You collected 194 gold pieces.

Inventory:

Hand Weapons
 a - a +0 flail (weapon)
Missiles
 g - 14 poisoned darts (quivered)
Armour
 b - a +0 scale mail
 c - a +0 kite shield (worn)
 e - a cursed +0 pair of boots (worn)
 f - a +1 plate armour of fire resistance (worn)
Jewellery
 i - an uncursed amulet of reflection {unknown}
 t - a +4 ring of evasion {unknown}
Scrolls
 j - 4 scrolls of remove curse {unknown}
 k - 4 scrolls of identify {unknown}
 l - a scroll of immolation {unknown}
 o - 2 scrolls of blinking {unknown}
 p - a scroll of enchant weapon {unknown}
 r - a scroll of amnesia {unknown}
Potions
 d - a potion of might
 h - 2 potions of curing {unknown}
 m - a potion of berserk rage {unknown}
 n - 2 potions of resistance {unknown}
 q - a potion of degeneration {unknown}
 s - a potion of ambrosia {unknown}


   Skills:
 + Level 6.8 Fighting
 - Level 2.0 Maces & Flails
 - Level 3.3 Armour
 - Level 3.3 Shields


You had 4 spell levels left.
You didn't know any spells.
Your spell library was empty.

Dungeon Overview and Level Annotations

Branches:
Dungeon (4/15)
 Temple: D:4-7

Altars:
Qazlal
Sif Muna

Shops:
D:4 [


Innate Abilities, Weirdness & Mutations

You are resistant to torment.
Your stone body is resilient. (AC +4)
You are immune to poison.
You resist negative energy. (rN+)
You are resistant to electric shocks. (rElec)
You can survive without breathing.
You are immune to petrification.
You are immune to rotting.


Message History

The orc priest is almost dead.
The adder bites you but does no damage. You block the orc's attack.
You block the orc wizard's attack. The adder barely misses you.
The orc priest mumbles some strange prayers to Beogh against you.
Beogh smites you! The orc barely misses you.
Unknown command.
You closely miss the orc priest.
The orc priest is almost dead.
The adder bites you but does no damage. You block the orc wizard's attack.
The worm bites you.
The orc priest mumbles some strange prayers to Beogh against you.
Beogh smites you!
* * * LOW HITPOINT WARNING * * *
The orc hits you but does no damage. You block the adder's attack.
Your plate armour prevents you from hitting the orc priest.
The orc priest is severely wounded.
The orc wizard hits you but does no damage.
The orc priest calls down the wrath of Beogh upon you.
Beogh smites you!
You die...

...... #.#.. #........
..#.. #........ ......
......... #.####
#........ #.# #........
#.# #........ #.#
#######oo......
#.########.....o@w...#
.................S...#
.......................#
.....................###
......)................
.....................###
.......................
....................###
..........#########


You could see a worm, an orc priest, an orc wizard, an adder and an orc.

Vanquished Creatures
  A hound (D:2)
  Jessica (D:3)
  A worker ant (D:4)
  An adder (D:2)
  An ooze (D:2)
  8 worms
  2 dart slugs (D:1)
  A leopard gecko (D:1)
  4 orcs (D:3)
  A ball python (D:3)
  8 bats
  4 giant cockroaches
  6 goblins
  6 hobgoblins
  4 jackals (D:2)
  3 quokkas
  7 frilled lizards
  9 kobolds
  A leopard gecko zombie (D:3)
  9 rats
78 creatures vanquished.

Notes
Turn   | Place    | Note
-------+----------+-------------------------------------------
     0 | D:1      | Ozzies the Gargoyle Fighter began the quest for the Orb.
     0 | D:1      | Reached XP level 1. HP: 14/14 MP: 1/1
   123 | D:1      | Reached XP level 2. HP: 20/20 MP: 2/2
   211 | D:1      | Reached skill level 4 in Fighting
   381 | D:1      | Reached XP level 3. HP: 24/24 MP: 3/3
   871 | D:2      | Reached skill level 5 in Fighting
   871 | D:2      | Reached XP level 4. HP: 31/31 MP: 4/4
   898 | D:2      | Found a faded altar of an unknown god.
  1581 | D:3      | Reached skill level 6 in Fighting
  1581 | D:3      | Reached XP level 5. HP: 34/36 MP: 5/5
  1774 | D:3      | Found a stormy altar of Qazlal.
  1778 | D:3      | Noticed a water elemental
  1780 | D:3      | Noticed a fire elemental
  1780 | D:3      | Noticed an air elemental
  2084 | D:3      | Noticed Jessica
  2099 | D:3      | Killed Jessica
  2114 | D:3      | Found a shimmering blue altar of Sif Muna.
  2163 | D:4      | Found Puapsor's Antique Armour Emporium.
  2309 | D:4      | Killed from afar by an orc priest

Illustrated notes

Levels and vault maps discovered:
D:1:      lemuel_arrival_cross, layout_loops_ring, corexii_leaking_fountain
D:2:      layout_basic, chequers_ecumenical_altar_simple
D:3:      layout_rooms, nicolae_qazlal_style_of_elements, tgw_sif
D:4:      black_bear_nest_2, layout_basic,
          chequers_temple_overflow_statue_of_worship, serial_shops, shop,
          uniq_edmund

Skill      XL: |  1  2  3  4 |
---------------+-------------+-----
Fighting       | 4 5 6 |  6.8
Maces & Flails | |  2.0
Armour         | |  3.3
Shields        | |  3.3

Action                   |  1- 3 |  4- 6 || total
-------------------------+-------+-------++-------
Melee: Flail             |   120 |   195 ||   315
Armor: Scale mail        |    16 |       ||    16
       Plate armour      |    99 |   243 ||   342
Dodge: Dodged            |    28 |    39 ||    67
Block: Kite shield       |   102 |   165 ||   267

Table legend: (Time is in decaauts)
 A = Elapsed time spent in this place.
 B = Non-inter-level travel time spent in this place.
 C = Inter-level travel time spent in this place.
 D = Time resting spent in this place.
 E = Time spent auto-exploring this place.
 F = Levels seen in this place.
 G = Mean time per level.
                   A        B        C        D        E       F      G
               +--------+--------+--------+--------+--------+-----+--------+
         Total |   2426 |   2321 |    105 |      0 |   1669 |   4 |  606.5 |
       Dungeon |   2426 |   2321 |    105 |      0 |   1669 |   4 |  606.5 |
               +--------+--------+--------+--------+--------+-----+--------+

Top non-repeatable levels by time:
     D:2: 1012 daAuts
     D:3: 659 daAuts
     D:1: 603 daAuts
     D:4: 151 daAuts
